 Dungeon Sprint DCSS version 0.30.1-11-g7821555f0a (webtiles) character file.

Game seed: 17844711765026592525

19007 Groucho the Imperceptible (level 12, 54/66 HPs)
             Began as a Felid Berserker on Dec 6, 2023.
             Was the Champion of Trog.
             Got out of the dungeon alive.
             The game lasted 00:12:39 (4841 turns).

Groucho the Imperceptible (Felid Berserker)         Turns: 4841, Time: 00:12:39

Health: 54/66      AC:  3    Str: 15    XL:     12   Next: 32%
Magic:  13/13      EV: 38    Int:  9    God:    Trog [******]
Gold:   2690       SH:  0    Dex: 18    Spells: 11/11 levels left
                                        Lives:  2   Deaths: 1

rFire   + .          .
                       - Unarmed
rCold   . . .        (shield unavailable)
rNeg    . . .        (body armour unavailable)
rPois   .            (helmet unavailable)
rElec   .            (cloak unavailable)
rCorr   .            (gloves unavailable)
SInv    +            (boots unavailable)
Will    +....        (no amulet)
Stlth   +++++++++    f - +5 ring of evasion
HPRegen 0.31/turn    j - ring of fire
MPRegen 0.13/turn

%: no teleportation
@: quick
A: very small, claws 1, fangs 3, see invisible, speed 1, shaggy fur 3, stealthy
paws, no weapons or thrown items, no armour, multi-lived
a: Renounce Religion, Berserk, Trog's Hand, Brothers in Arms


You escaped.
You worshipped Trog.
Trog was exalted by your worship.
You visited 1 branch You collected 2964 gold pieces.
You spent 274 gold pieces at shops.

Inventory:

Jewellery
 f - a +5 ring of evasion (left paw)
 j - a ring of fire (right paw)
 p - a ring of fire
Wands
 g - a wand of mindburst (24)
 o - a wand of roots (19)
Scrolls
 a - 3 scrolls of poison {unknown}
 b - 3 scrolls of enchant armour {unknown}
 h - a scroll of identify
 i - 2 scrolls of enchant weapon {unknown}
 m - a scroll of amnesia {unknown}
 n - a scroll of vulnerability {unknown}
 q - a scroll of magic mapping {unknown}
 s - a scroll of immolation {unknown}
 t - a scroll of fear {unknown}
Potions
 c - 3 potions of haste
 d - 3 potions of magic
 e - a potion of berserk rage
 k - 2 potions of curing
 l - a potion of resistance {unknown}
 r - a potion of flight {unknown}


   Skills:
 + Level 16.1 Fighting
 + Level 20.4 Dodging
 - Level 25.0 Stealth
 + Level 16.1 Unarmed Combat


You had 11 spell levels left.
You didn't know any spells.
Your spell library was empty.

Dungeon Overview and Level Annotations

Branches:
Dungeon (1/1)

Altars:
Cheibriados
Dithmenos
Elyvilon
Fedhas
Gozag
Hepliaklqana
Kikubaaqudgha
Makhleb
Nemelex Xobeh
Okawaru
Qazlal
Ru
Sif Muna
Trog
Uskayaw
Vehumet
Wu Jian
Xom
Yredelemnul
Zin
The Shining One
Jiyva
Lugonu

Shops:
D [?**[=:![![?(!*!!?*[:[


Innate Abilities, Weirdness & Mutations

You have sharp claws.
You have razor-sharp teeth.
You have supernaturally acute eyesight. (SInv)
You cover ground quickly. (Speed+)
Your thick and shaggy fur keeps you warm. (AC +3, rC+)
Your paws help you pounce on unaware monsters.
You are incapable of wielding weapons or throwing items.
You cannot wear armour.
You gain extra lives every three experience levels.


Message History

You now have 2663 gold pieces (gained 27).
You now have 2690 gold pieces (gained 27).
Okay, then.
Things that are here:
a +1 great sword of flaming; a +0 great sword of flaming You see here a +1 great sword of flaming.
You see here a +2 great sword of flaming.
There is an open door here.
You open the door.
Found a gnarled smoking staff.
Press: ? - help, v - describe, . - travel, g - get item Item here: a gnarled smoking staff.
The floor.
This square is lit by a halo.
You close the door.
The daeva calls down the wrath of the Shining One upon you.
The Shining One smites you!
The daeva calls down the wrath of the Shining One upon you.
The Shining One smites you!
There is an open door here.
You close the door.
There is an open door here.
There is an open door here.
There is an open door here.
There is an open door here.
There is an open door here.
There is an open door, spattered with blood here.
There is an open door here.
There is an open door here.
There is an open door here.
Things that are here:
a +0 dagger; a +0 ring mail
There is an open door here.
There is a staircase leading out of the dungeon here.
Are you sure you want to leave the Dungeon?
This will make you lose the game! [Y]es or [N]o only, please.
Are you sure you want to leave the Dungeon?
This will make you lose the game!
Alright, then stay!
Are you sure you want to leave the Dungeon?
This will make you lose the game!
You have escaped!

##################
#@.#..'..#.)'..#__
#..').#.)'..#..'..
#..#####+#####'#__
#..####..#...#(###
#..#__####..##§#~~
#..#_____##'#_.§§§
#⌠⌠#_.∩...'..._#§§
####_..__##_.#§##+
#_____###'#)#).


There were no monsters in sight!

Vanquished Creatures
  A golden dragon (D)
  A shadow dragon (D)
  A hydra (D)
  2 centaur warriors (D)
  Sonja (D)
  A deep troll (D)
  A lindwurm (D)
  An oklob plant (D)
  7 unseen horrors (D)
  A kobold demonologist (D)
  A hornet (D)
  A slime creature (D)
  A yak (D)
  Sigmund (D)
  13 hogs (D)
  2 redbacks (D)
  3 floating eyes (D)
  An ogre (D)
  7 necrophages (D)
  8 jellies (D)
  Ijyb (D)
  2 ballistomycete spores (D)
58 creatures vanquished.

Vanquished Creatures (collateral kills)
  4 fire giants (D)
  8 shining eyes (D)
  4 demonic crawlers (D)
  A kobold demonologist (D)
  4 floating eyes (D)
21 creatures vanquished.

Grand Total: 79 creatures vanquished

Notes
Turn   | Place    | Note
-------+----------+-------------------------------------------
     0 | D        | Groucho the Felid Berserker began the quest for the Orb.
     0 | D        | Reached XP level 1. HP: 10/10 MP: 2/2
     2 | D        | Noticed Ijyb
     8 | D        | Killed Ijyb
     9 | D        | Reached skill level 8 in Stealth
     9 | D        | Reached XP level 2. HP: 14/14 MP: 3/3
   457 | D        | Noticed an ogre
   459 | D        | Killed an ogre
   460 | D        | Reached skill level 12 in Stealth
   460 | D        | Reached XP level 3. HP: 17/17 MP: 4/4
   460 | D        | Reached XP level 4. HP: 21/21 MP: 5/5
   474 | D        | Noticed Sigmund
   480 | D        | Killed Sigmund
   480 | D        | Reached ** piety under Trog
   481 | D        | Reached skill level 16 in Stealth
   481 | D        | Reached XP level 5. HP: 24/24 MP: 6/6
   626 | D        | Found an ornate altar of the Wu Jian Council.
   626 | D        | Found a shimmering blue altar of Sif Muna.
   628 | D        | Found a radiant altar of Vehumet.
   633 | D        | Reached skill level 17 in Stealth
   633 | D        | Gained mutation: You are covered in thick fur. (AC +2)
                  | [Felid growth]
   633 | D        | Reached XP level 6. HP: 21/28 MP: 7/7
   851 | D        | Found Lumasuhe's General Store.
   851 | D        | Found an ancient bone altar of Kikubaaqudgha.
   851 | D        | Found a hazy altar of Hepliaklqana.
   851 | D        | Found a hide-covered altar of Uskayaw.
   851 | D        | Found a basalt altar of Yredelemnul.
   851 | D        | Found an opulent altar of Gozag.
   851 | D        | Found a snail-covered altar of Cheibriados.
   851 | D        | Found a sacrificial altar of Ru.
   851 | D        | Found a shadowy altar of Dithmenos.
   851 | D        | Noticed a yak
   859 | D        | Killed a yak
   860 | D        | Reached skill level 19 in Stealth
   860 | D        | Found a stormy altar of Qazlal.
   860 | D        | Found a blossoming altar of Fedhas.
   860 | D        | Found a bloodstained altar of Trog.
   860 | D        | Found an iron altar of Okawaru.
   860 | D        | Found a glowing golden altar of the Shining One.
   860 | D        | Found a glowing silver altar of Zin.
   860 | D        | Found a white marble altar of Elyvilon.
   861 | D        | Found a sparkling altar of Nemelex Xobeh.
   865 | D        | Bought a scroll of identify for 24 gold pieces
   901 | D        | Found a burning altar of Makhleb.
   901 | D        | Found a shimmering altar of Xom.
   901 | D        | Noticed a slime creature
   902 | D        | Found a viscous altar of Jiyva.
   902 | D        | Found a corrupted altar of Lugonu.
   913 | D        | Killed a slime creature
   914 | D        | Reached skill level 20 in Stealth
   914 | D        | Reached XP level 7. HP: 31/31 MP: 8/8
  1132 | D        | Noticed a centaur warrior
  1137 | D        | Noticed a centaur warrior
  1138 | D        | Killed a centaur warrior
  1139 | D        | Reached skill level 5 in Fighting
  1139 | D        | Reached skill level 21 in Stealth
  1139 | D        | Reached skill level 5 in Unarmed Combat
  1139 | D        | Reached XP level 8. HP: 37/37 MP: 9/9
  1139 | D        | Killed a centaur warrior
  1140 | D        | Reached skill level 22 in Stealth
  1153 | D        | Noticed a hornet
  1156 | D        | Killed a hornet
  1156 | D        | Reached *** piety under Trog
  1167 | D        | Noticed an oklob plant
  1169 | D        | Killed an oklob plant
  1170 | D        | Reached skill level 10 in Dodging
  1170 | D        | Reached XP level 9. HP: 44/44 MP: 10/10
  1279 | D        | Reached **** piety under Trog
  1280 | D        | Reached skill level 23 in Stealth
  1309 | D        | Noticed an unseen horror
  1309 | D        | Noticed an unseen horror
  1338 | D        | Killed an unseen horror
  1907 | D        | Killed an unseen horror
  2150 | D        | Reached ***** piety under Trog
  2164 | D        | Splashed by a jelly's acid
  2165 | D        | Reached XP level 8. HP: -5/42 MP: 9/9
  2375 | D        | Reached XP level 9. HP: 45/45 MP: 10/10
  2407 | D        | Found Duthe's Distillery.
  2407 | D        | Found Udwarorch's Book Shop.
  2407 | D        | Found Tupsa's Antique Armour Boutique.
  2409 | D        | Found Qalesoud's Distillery.
  2409 | D        | Found Reacokusu's Antique Armour Shop.
  2409 | D        | Found Ketokleng's Magic Scroll Shoppe.
  2409 | D        | Found Urog's Antique Weapon Boutique.
  2409 | D        | Found Jedozo's Distillery.
  2409 | D        | Found Nudghounu's Assorted Antiques.
  2409 | D        | Found Cahaut's Distillery.
  2413 | D        | Found Ciq Wuic's Distillery.
  2414 | D        | Found Ulycwuag's Assorted Antiques.
  2414 | D        | Found Micemu's Magic Scroll Boutique.
  2415 | D        | Found Kaesmakh's Book Emporium.
  2457 | D        | Noticed a deep troll
  2459 | D        | Killed a deep troll
  2459 | D        | Reached ****** piety under Trog
  2460 | D        | Reached skill level 24 in Stealth
  2460 | D        | Reached skill level 10 in Unarmed Combat
  2471 | D        | Found Udaeggacw's Armour Emporium.
  2485 | D        | Noticed Sonja
  2488 | D        | Killed Sonja
  2489 | D        | Reached skill level 10 in Fighting
  2729 | D        | Found Afif's Armour Boutique.
  2779 | D        | Noticed a kobold demonologist
  2780 | D        | Noticed a kobold demonologist
  2790 | D        | Killed a kobold demonologist
  2795 | D        | Killed a kobold demonologist
  2796 | D        | Reached XP level 10. HP: 51/51 MP: 11/11
  2797 | D        | Noticed a demonic crawler
  2797 | D        | Noticed a demonic crawler
  2797 | D        | Noticed a demonic crawler
  2797 | D        | Noticed a demonic crawler
  2798 | D        | Killed a demonic crawler
  2799 | D        | Killed a demonic crawler
  2801 | D        | Killed a demonic crawler
  2801 | D        | Killed a demonic crawler
  2864 | D        | Noticed a lindwurm
  2866 | D        | Killed a lindwurm
  2867 | D        | Reached skill level 25 in Stealth
  2890 | D        | Reached skill level 15 in Dodging
  2955 | D        | Noticed a 12-headed hydra
  2957 | D        | Killed a 12-headed hydra
  2958 | D        | Reached XP level 11. HP: 57/57 MP: 12/12
  3019 | D        | Noticed a shadow dragon
  3019 | D        | Noticed a golden dragon
  3027 | D        | Killed a shadow dragon
  3028 | D        | Identified the +0 buckler "Uruss" {rC++ Int+2 Dex-2}
  3029 | D        | Killed a golden dragon
  3087 | D        | Found Gathrus's Armour Shoppe.
  3182 | D        | Noticed a shining eye
  3182 | D        | Noticed a shining eye
  3182 | D        | Noticed a shining eye
  3182 | D        | Noticed a shining eye
  3182 | D        | Noticed a shining eye
  3182 | D        | Noticed a shining eye
  3184 | D        | Killed a shining eye
  3184 | D        | Paralysed by a floating eye for 3 turns
  3185 | D        | Killed a shining eye
  3185 | D        | Killed a shining eye
  3186 | D        | Killed a shining eye
  3187 | D        | Killed a shining eye
  3188 | D        | Killed a shining eye
  3189 | D        | Noticed a shining eye
  3190 | D        | Noticed a shining eye
  3191 | D        | Killed a shining eye
  3194 | D        | Killed a shining eye
  3203 | D        | Found Qeipupohae's Magic Scroll Shoppe.
  3203 | D        | Found Puleonli's Antique Armour Shop.
  3203 | D        | Found Gegh's General Store.
  3203 | D        | Found Gumunua's Jewellery Boutique.
  3293 | D        | Bought a ring of fire for 250 gold pieces
  3344 | D        | Noticed a daeva
  3353 | D        | Reached skill level 15 in Fighting
  3353 | D        | Reached skill level 15 in Unarmed Combat
  3358 | D        | Gained mutation: Your thick and shaggy fur keeps you warm.
                  | (AC +3, rC+) [Felid growth]
  3358 | D        | Reached XP level 12. HP: 24/66 MP: 13/13
  4069 | D        | Noticed a fire giant
  4072 | D        | Noticed a fire giant
  4073 | D        | Noticed a fire giant
  4074 | D        | Noticed a fire giant
  4081 | D        | Killed a fire giant
  4082 | D        | Killed a fire giant
  4086 | D        | HP: 3/66 [fire giant/fireball (23)]
  4089 | D        | Killed a fire giant
  4091 | D        | Killed a fire giant
  4841 | D        | Got out of the dungeon alive.

Illustrated notes

Levels and vault maps discovered:
D:        dungeon_sprint_1 [red_sonja_temple_1, red_sonja_temple_small_1]

Skill      XL: |  1  2  3  4  5  6  7  8  9 10 11 12 |
---------------+-------------------------------------+-----
Stealth        | 8 12 16 17 20 21 22 24 25 | 25.0
Fighting       | 5 7 10 12 15 16 | 16.1
Dodging        | 7 12 13 16 19 20 | 20.4
Unarmed Combat | 5 7 10 12 15 16 | 16.1

Action                     |  1- 3 |  4- 6 |  7- 9 | 10-12 || total
---------------------------+-------+-------+-------+-------++-------
  Melee: Unarmed           |     6 |    22 |   106 |    71 ||   205
         Bite              |     1 |     7 |     9 |     7 ||    24
         Punch             |       |     1 |    10 |     5 ||    16
 Invoke: Berserk           |     1 |     3 |     4 |       ||     8
         Trog's Hand       |       |     2 |     5 |     1 ||     8
         Brothers in Arms  |       |       |     1 |     8 ||     9
    Use: Scroll            |       |       |     1 |       ||     1
         Potion            |       |       |     2 |     1 ||     3
   Stab: Sleeping          |     1 |       |    10 |    10 ||    21
         Distracted        |       |       |     1 |       ||     1
 Armour: Skin              |       |       |     2 |     1 ||     3
  Dodge: Dodged            |     3 |    13 |   144 |    50 ||   210
